[Event "Titled Tuesday Blitz March 28 Early 2023"]
[White "Kuzmin, Roman"]
[Black "Koustav, Chatterjee"]
[WhiteFideId "44134932"]
[BlackFideId "25073060"]
[WhiteElo "2146"]
[BlackElo "2432"]
[Result "0-1"]
[Round "03"]
[TimeControl "180+2"]
[Date "2023.03.28"]
[WhiteClock "0:00:02"]
[BlackClock "0:00:31"]

1. e4 e5 2. Nf3 Nc6 3. Bb5 a6 4. Ba4 Nf6 5. O-O Be7 6. Re1 b5 7. Bb3 O-O 8. a4 Bb7 9. Nc3 Na5 10. Ba2 b4 11. Nd5 d6 12. d4 Nxd5 13. Bxd5 Bxd5 14. exd5 exd4 15. Qxd4 Rb8 16. Qd3 Ra8 17. Bd2 c5 18. dxc6 Nxc6 19. Rad1 Qd7 20. Bf4 Rfd8 21. h3 h6 22. b3 a5 23. Re2 Bf8 24. Red2 Qe6 25. Qd5 Qf6 26. Be3 Rac8 27. Bb6 Re8 28. Bxa5 Nxa5 29. Qxa5 Re4 30. Qd5 Rce8 31. a5 Qc3 32. a6 Qc7 33. Ra1 Qa7 34. Qb7 Qxb7 35. axb7 Rb8 36. Ra7 Re7 37. Rd4 Rexb7 38. Rxb7 Rxb7 39. Nd2 d5 40. Nf1 Ra7 41. Ne3 Ra1+ 42. Kh2 Bd6+ 43. g3 Bc5 44. Rxd5 Bxe3 45. fxe3 Re1 46. Rd4 Rxe3 47. Kg1 Re2 48. Rxb4 Rxc2 49. Rb8+ Kh7 50. b4 Rb2 51. h4 h5 52. b5 Kg6 53. Kf1 f6 54. Kg1 Kf5 55. b6 g5 56. hxg5 fxg5 57. b7 Kg4 58. Kf1 Kxg3 59. Rg8 Rb1+ 60. Ke2 Rxb7 61. Rxg5+ Kh4 62. Rg8 Rf7 63. Ke3 Kh3 64. Ke2 h4 65. Ke3 Kh2 66. Ke2 h3 67. Ke3 Ra7 68. Kf2 Ra2+ 69. Kf1 Rg2 70. Rh8 Rg1+ 71. Kf2 Ra1 72. Rh7 Ra2+ 73. Kf1 Kg3 74. Rg7+ Kf3 75. Rf7+ Kg3 76. Rg7+ Kh2 77. Rh7 Ra3 78. Kf2 Ra6 79. Rh8 Rf6+ 80. Ke1 Rf4 81. Ke2 Kg3 82. Rg8+ Rg4 83. Rh8 h2 84. Kf1 Rf4+ 85. Ke2 Kg2 86. Rg8+ Kh3 87. Rh8+ Rh4 88. Ra8 h1=Q 89. Ra3+ Kh2 90. Re3 Qg2+ 91. Kd3 Rh3 0-1


[Site "https://www.chess.com"]

[Event "Titled Tuesday Blitz March 28 Early 2023"]
[White "Jimenez Almeida, Luis David"]
[Black "Kovalev, Vladislav"]
[WhiteFideId "22242244"]
[BlackFideId "13504398"]
[WhiteElo "2245"]
[BlackElo "2555"]
[Result "0-1"]
[Round "03"]
[TimeControl "180+2"]
[Date "2023.03.28"]
[WhiteClock "0:00:28"]
[BlackClock "0:01:19"]

1. e4 e5 2. Nf3 Nc6 3. Bb5 a6 4. Ba4 Nf6 5. O-O Be7 6. Re1 b5 7. Bb3 d6 8. d3 O-O 9. c3 Nb8 10. a4 Bb7 11. Nbd2 Nbd7 12. d4 c5 13. Bc2 Re8 14. Nf1 cxd4 15. cxd4 exd4 16. Nxd4 bxa4 17. Nf5 Bf8 18. N1g3 d5 19. Bxa4 dxe4 20. Bg5 Re6 21. Nh5 Nc5 22. Bxf6 Qxd1 23. Bxd1 gxf6 24. Re3 Rd8 25. b4 Nd3 26. Bb3 Bd5 27. Rg3+ Kh8 28. Bxd5 Rxd5 29. Ne3 Rxh5 0-1


[Site "https://www.chess.com"]

[Event "Titled Tuesday Blitz March 28 Early 2023"]
[White "Pichot, Alan"]
[Black "Ozdemir, Serhan Berat"]
[WhiteFideId "110973"]
[BlackFideId "6374611"]
[WhiteElo "2573"]
[BlackElo "2015"]
[Result "1/2-1/2"]
[Round "03"]
[TimeControl "180+2"]
[Date "2023.03.28"]
[WhiteClock "0:00:07"]
[BlackClock "0:00:14"]

1. e4 c5 2. Nf3 e6 3. d4 cxd4 4. Nxd4 a6 5. g3 Nc6 6. Bg2 Qc7 7. O-O Nf6 8. Nc3 Be7 9. Re1 O-O 10. Nxc6 dxc6 11. e5 Rd8 12. Qe2 Nd5 13. Nxd5 cxd5 14. h4 b5 15. Bf4 Bb7 16. Rac1 Rac8 17. c3 Qb6 18. h5 h6 19. Qg4 Kh8 20. Be3 Bc5 21. Bd4 b4 22. Bf1 a5 23. Bd3 Ba6 24. Bxa6 Qxa6 25. Bxc5 Rxc5 26. cxb4 Rxc1 27. Rxc1 axb4 28. Qxb4 Qxa2 29. Qe7 Rg8 30. Qxf7 Qxb2 31. Re1 Qb4 32. Re3 d4 33. Rf3 Qb1+ 34. Kh2 Qe4 35. Qf4 Qxf4 36. gxf4 Rd8 37. Rd3 Kh7 38. Kg3 g6 39. Kg4 Kg7 40. Kh4 Rd5 41. Kg4 Kf7 42. Kh4 g5+ 43. Kg4 Kg7 44. fxg5 hxg5 45. f4 gxf4 46. Kxf4 Kh6 47. Ke4 Kxh5 48. Rxd4 Rxd4+ 49. Kxd4 Kg5 50. Kc5 Kf4 51. Kd4 Kf5 52. Kd3 Kf4 53. Kd4 Kf5 54. Kd3 Kxe5 55. Ke3 Kd5 56. Kd3 e5 57. Ke3 e4 58. Ke2 Ke5 59. Ke3 Kd5 60. Ke2 Ke5 61. Ke3 Kd5 1/2-1/2


[Site "https://www.chess.com"]

[Event "Titled Tuesday Blitz March 28 Early 2023"]
[White "Stalri"]
[Black "Pakleza, Zbigniew"]
[BlackFideId "1119290"]
[WhiteElo "2350"]
[BlackElo "2410"]
[Result "0-1"]
[Round "03"]
[TimeControl "180+2"]
[Date "2023.03.28"]
[WhiteClock "0:00:01"]
[BlackClock "0:00:07"]

1. Nf3 d5 2. g3 Nf6 3. Bg2 Bf5 4. O-O e6 5. c4 c6 6. cxd5 cxd5 7. Qb3 Qb6 8. Qxb6 axb6 9. d3 Nc6 10. Nc3 Bc5 11. Bf4 Ke7 12. a3 Bd6 13. Be3 Bc5 14. Bf4 Nd4 15. Nxd4 Bxd4 16. Rab1 Bxc3 17. bxc3 Nd7 18. Rb3 Ra4 19. Be3 Rha8 20. Bxb6 Rxa3 21. Rxa3 Rxa3 22. Rb1 Nxb6 23. e4 dxe4 24. dxe4 Bg6 25. f3 Nd7 26. Rxb7 Rxc3 27. h4 Kd6 28. g4 h5 29. Ra7 Nc5 30. gxh5 Bxh5 31. Kf2 e5 32. Ra8 Nd3+ 33. Kg3 Nf4 34. Ra6+ Rc6 35. Ra2 Nxg2 36. Kxg2 Rc3 37. Ra6+ Ke7 38. Ra7+ Kd6 39. Ra6+ Kc5 40. Ra5+ Kd4 41. Rd5+ Ke3 42. Rxe5 Bxf3+ 43. Kh2 Kf2 44. Ra5 Rc1 45. Ra2+ Be2 46. e5 Rc4 47. Kh3 Re4 48. e6 Re3+ 49. Kh2 Rxe6 0-1


[Site "https://www.chess.com"]

[Event "Titled Tuesday Blitz March 28 Early 2023"]
[White "Seletsky, Grigory"]
[Black "Fedoseev, Vladimir"]
[WhiteFideId "14112191"]
[BlackFideId "24130737"]
[WhiteElo "2490"]
[BlackElo "2752"]
[Result "0-1"]
[Round "03"]
[TimeControl "180+2"]
[Date "2023.03.28"]
[WhiteClock "0:00:50"]
[BlackClock "0:01:17"]

1. d4 Nf6 2. Nf3 e6 3. c4 b6 4. a3 Ba6 5. e3 d5 6. cxd5 Bxf1 7. Kxf1 exd5 8. Nc3 Bd6 9. b4 O-O 10. g3 Re8 11. Kg2 c6 12. Bb2 b5 13. Qb3 Nbd7 14. a4 a6 15. a5 Qe7 16. Ba3 Rac8 17. Rac1 h6 18. Rc2 Qe6 19. Rhc1 Rc7 20. Ne2 Rec8 21. Rd1 Nf8 22. Nc1 Ng6 23. Nd3 Re8 24. Nc5 Bxc5 25. dxc5 Qg4 26. Bb2 Nh4+ 27. Nxh4 Qxd1 28. Bxf6 gxf6 29. Nf5 Re5 30. Nd4 Rh5 31. h3 Rxh3 32. Kxh3 Qh1+ 33. Kg4 h5+ 34. Kf4 Qe4# 0-1


[Site "https://www.chess.com"]

[Event "Titled Tuesday Blitz March 28 Early 2023"]
[White "Samant Aditya S"]
[Black "Duda, Jan-Krzysztof"]
[WhiteFideId "35080580"]
[BlackFideId "1170546"]
[WhiteElo "2362"]
[BlackElo "2790"]
[Result "0-1"]
[Round "03"]
[TimeControl "180+2"]
[Date "2023.03.28"]
[WhiteClock "0:00:02"]
[BlackClock "0:01:24"]

1. Nf3 g6 2. e4 Bg7 3. Nc3 c5 4. Bc4 Nc6 5. O-O e6 6. Re1 d6 7. d3 a6 8. a3 Nge7 9. Bg5 h6 10. Be3 b5 11. Ba2 Nd4 12. Bxd4 cxd4 13. Ne2 Qb6 14. Bb3 Bd7 15. a4 O-O 16. axb5 axb5 17. Qd2 Nc6 18. Ng3 Na5 19. Ba2 b4 20. e5 b3 21. Bxb3 Nxb3 22. cxb3 Rxa1 23. Rxa1 dxe5 24. b4 Bc6 25. Ne4 Rb8 26. h4 Qxb4 27. Qxb4 Rxb4 28. Rc1 Bb7 29. Rc7 Rb6 30. Rd7 Bxe4 31. dxe4 f5 0-1


[Site "https://www.chess.com"]

[Event "Titled Tuesday Blitz March 28 Early 2023"]
[White "Martinez Alcantara, Jose Eduardo"]
[Black "Rendle, Thomas E"]
[WhiteFideId "3805662"]
[BlackFideId "408760"]
[WhiteElo "2712"]
[BlackElo "2428"]
[Result "1-0"]
[Round "03"]
[TimeControl "180+2"]
[Date "2023.03.28"]
[WhiteClock "0:01:11"]
[BlackClock "0:00:46"]

1. e4 e6 2. d4 d5 3. Nd2 a6 4. c3 c5 5. Ngf3 Nf6 6. e5 Nfd7 7. Bd3 Nc6 8. O-O g5 9. Qe2 h5 10. dxc5 g4 11. Nd4 Ncxe5 12. b4 Bg7 13. f4 gxf3 14. N2xf3 Nxf3+ 15. Qxf3 Ne5 16. Qg3 Kf8 17. Bg5 Qc7 18. Rae1 h4 19. Qf4 b6 20. cxb6 Qxb6 21. Rxe5 Ra7 22. Bf6 Bh6 23. Rh5 1-0


[Site "https://www.chess.com"]

[Event "Titled Tuesday Blitz March 28 Early 2023"]
[White "Gholami Orimi, Mahdi"]
[Black "Lewtak, Damian"]
[WhiteFideId "12558486"]
[BlackFideId "1141724"]
[WhiteElo "2363"]
[BlackElo "2302"]
[Result "1-0"]
[Round "03"]
[TimeControl "180+2"]
[Date "2023.03.28"]
[WhiteClock "0:00:19"]
[BlackClock "0:00:04"]

1. d4 Nf6 2. c4 e6 3. Nc3 c5 4. e3 d5 5. Nf3 Nc6 6. cxd5 exd5 7. Bb5 a6 8. Bxc6+ bxc6 9. O-O c4 10. Ne5 Bd6 11. f4 Qc7 12. Bd2 O-O 13. Be1 Nd7 14. e4 Nxe5 15. fxe5 Bb4 16. exd5 Bxc3 17. d6 Bxd4+ 18. Qxd4 Qa7 19. Bf2 Qxd4 20. Bxd4 Rb8 21. Rf3 Be6 22. Ra3 c5 23. Bc3 Rb6 24. Ra5 Rc8 25. Rd1 Bd7 26. Rd2 Kf8 27. Kf2 Ke8 28. Ke3 Be6 29. Ke4 Kd7 30. h3 Rcc6 31. Ra3 Rb8 32. Kf4 Rf8 33. g4 h6 34. h4 f6 35. exf6 gxf6 36. h5 Rg8 37. Bxf6 Rxg4+ 38. Ke5 Rg1 39. Be7 Rh1 40. Kf6 Rxh5 41. Rf3 Rd5 42. Rg2 Rdxd6 43. Bxd6 Rxd6 44. Rg7+ Kc6 45. Ra3 Kb6 46. Ke5 Rc6 47. Rg6 Bd7 48. Rxc6+ Bxc6 49. Rh3 Kb5 50. Rxh6 a5 51. Rh8 a4 52. Rb8+ Ka5 53. Kd6 a3 54. Kxc6 axb2 55. Rxb2 c3 56. Rb1 Ka4 57. Kxc5 Ka3 58. Rc1 Kxa2 59. Rxc3 1-0


[Site "https://www.chess.com"]

[Event "Titled Tuesday Blitz March 28 Early 2023"]
[White "Hansen, Eric"]
[Black "Rozman, Levy"]
[WhiteFideId "2606771"]
[BlackFideId "2039877"]
[WhiteElo "2569"]
[BlackElo "2376"]
[Result "1-0"]
[Round "03"]
[TimeControl "180+2"]
[Date "2023.03.28"]
[WhiteClock "0:00:25"]
[BlackClock "0:00:02"]

1. d4 d5 2. c4 e6 3. Nc3 a6 4. cxd5 exd5 5. Bf4 Nf6 6. e3 Bd6 7. Bg3 O-O 8. Bd3 c6 9. Qc2 a5 10. Nf3 Na6 11. a3 Re8 12. Ne5 h6 13. O-O Qe7 14. f4 Nc7 15. Bh4 c5 16. Kh1 c4 17. Be2 b5 18. Bf3 Bb7 19. g4 b4 20. Ne2 Qf8 21. Ng3 b3 22. Qg2 Ne4 23. Nxe4 dxe4 24. Bxe4 Bxe4 25. Qxe4 f6 26. Qc6 Bxe5 27. fxe5 Qf7 28. e4 Ra6 29. Qc5 Kh7 30. Rae1 Qd7 31. Qxc4 Rc6 32. Qxb3 Qxg4 33. Bg3 fxe5 34. Bxe5 Rg6 35. Rg1 Qe6 36. Rxg6 Qxb3 37. Rxg7+ Kh8 38. Rg3+ Rxe5 39. Rxb3 1-0


[Site "https://www.chess.com"]

[Event "Titled Tuesday Blitz March 28 Early 2023"]
[White "Al-Tarboush, Ward"]
[Black "Sasikiran, Krishnan"]
[WhiteFideId "7601450"]
[BlackFideId "5004985"]
[WhiteElo "2257"]
[BlackElo "2567"]
[Result "0-1"]
[Round "03"]
[TimeControl "180+2"]
[Date "2023.03.28"]
[WhiteClock "0:00:04"]
[BlackClock "0:00:43"]

1. e4 c5 2. Nf3 d6 3. d4 cxd4 4. Nxd4 Nf6 5. Nc3 a6 6. h3 e5 7. Nde2 h5 8. Bg5 Be6 9. g3 Nbd7 10. a4 Be7 11. Bg2 Nh7 12. Bxe7 Qxe7 13. Qd2 Rd8 14. Rd1 Ndf6 15. O-O h4 16. g4 O-O 17. b3 g5 18. a5 Kg7 19. Qe3 Rc8 20. Qb6 Rc6 21. Qb4 Rfc8 22. Rd3 Nf8 23. Rfd1 Ng6 24. Qa3 Nf4 25. Nxf4 gxf4 26. b4 Qc7 27. Na4 Rxc2 28. Rxd6 Ra2 29. Qf3 Rxa4 30. g5 Ne8 31. Qh5 Nxd6 32. Qh6+ Kg8 33. g6 f6 34. Rxd6 Qg7 35. Qxh4 Re8 36. Rb6 Qxg6 37. Rxb7 f3 0-1


[Site "https://www.chess.com"]

[Event "Titled Tuesday Blitz March 28 Early 2023"]
[White "Barbosa, Evandro Amorim"]
[Black "Zhigalko, Sergei"]
[WhiteFideId "2115824"]
[BlackFideId "13502956"]
[WhiteElo "2439"]
[BlackElo "2626"]
[Result "0-1"]
[Round "03"]
[TimeControl "180+2"]
[Date "2023.03.28"]
[WhiteClock "0:00:02"]
[BlackClock "0:00:04"]

1. e4 c5 2. Nf3 Nc6 3. d4 cxd4 4. Nxd4 Nf6 5. Nc3 e5 6. Ndb5 d6 7. Bg5 a6 8. Na3 b5 9. Nd5 Be7 10. Bxf6 Bxf6 11. c3 Bg5 12. Be2 Ne7 13. Nc2 O-O 14. Ncb4 a5 15. Nxe7+ Qxe7 16. Nd5 Qb7 17. Qd3 Rb8 18. O-O Be6 19. Rfd1 Kh8 20. Qg3 Bd8 21. Bg4 g6 22. Ne3 Qc6 23. Qf3 Kg7 24. Bxe6 fxe6 25. Qg4 Rf6 26. Rd3 Bb6 27. Rad1 Bc5 28. R1d2 Rbf8 29. a3 b4 30. axb4 axb4 31. g3 bxc3 32. Rxc3 Qa6 33. Qd1 Qb6 34. Ng4 R6f7 35. Qe1 Bb4 36. Rcd3 h5 37. Ne3 Qc6 38. Ng2 Rxf2 39. Rxf2 Bxe1 40. Rxf8 Kxf8 41. Nxe1 Qxe4 42. Kf2 d5 43. Re3 Qd4 44. Nf3 Qxb2+ 45. Re2 Qb6+ 46. Kg2 e4 47. Ng5 Ke7 48. Rf2 Qe3 49. h4 d4 50. Rf7+ Ke8 51. Rf2 Ke7 52. Rf7+ Kd6 53. Rf6 Qe2+ 54. Rf2 Qg4 55. Rf4 Qe2+ 56. Rf2 Qd3 57. Rf4 Kd5 58. Rf8 e3 59. Rd8+ Kc6 60. Rf8 e2 61. Nf3 Qxf3+ 62. Rxf3 e1=Q 0-1


[Site "https://www.chess.com"]

[Event "Titled Tuesday Blitz March 28 Early 2023"]
[White "Priyanka Nutakki"]
[Black "Rustemov, Alexander"]
[WhiteFideId "25049615"]
[BlackFideId "4119002"]
[WhiteElo "2256"]
[BlackElo "2866"]
[Result "0-1"]
[Round "03"]
[TimeControl "180+2"]
[Date "2023.03.28"]
[WhiteClock "0:00:17"]
[BlackClock "0:01:22"]

1. d4 d5 2. Nf3 Nf6 3. Bf4 c5 4. e3 Nc6 5. Nbd2 Bg4 6. c3 e6 7. Be2 Be7 8. O-O O-O 9. h3 Bh5 10. Ne5 Bxe2 11. Qxe2 Rc8 12. Bh2 Qb6 13. Rab1 Rfd8 14. f4 Qa6 15. Qxa6 bxa6 16. f5 a5 17. fxe6 fxe6 18. Nd3 Nd7 19. Nf4 Nf8 20. g4 a4 21. b3 axb3 22. Rxb3 cxd4 23. cxd4 Na5 24. Rb5 Nc4 25. Nb3 Nxe3 26. Re1 Nc2 27. Re2 Bf6 28. Nxe6 Nxe6 29. Rxe6 Nxd4 30. Nxd4 Bxd4+ 31. Kg2 Rc2+ 32. Kg3 Bf2+ 33. Kg2 Bb6+ 34. Kg3 Bc7+ 0-1


[Site "https://www.chess.com"]

[Event "Titled Tuesday Blitz March 28 Early 2023"]
[White "Araujo Sanchez, Josue"]
[Black "Van Foreest, Lucas"]
[WhiteFideId "6416896"]
[BlackFideId "1039792"]
[WhiteElo "2416"]
[BlackElo "2519"]
[Result "1-0"]
[Round "03"]
[TimeControl "180+2"]
[Date "2023.03.28"]
[WhiteClock "0:01:21"]
[BlackClock "0:01:14"]

1. c4 g5 2. Nc3 Bg7 3. g3 d6 4. Bg2 Nc6 5. d3 g4 6. h3 h5 7. hxg4 hxg4 8. Rxh8 Bxh8 9. e4 Nd4 10. Nge2 c5 11. Be3 e5 12. Nd5 Ne7 13. Bg5 Ndc6 14. Nec3 Be6 15. Qb3 Qd7 16. Nb5 Bxd5 17. cxd5 Nd4 18. Nxd4 exd4 19. O-O-O Ng6 20. Rh1 Bg7 21. Bf1 b5 22. Kb1 Rc8 23. Be2 Kf8 24. Qd1 Ne5 25. Bf4 Rb8 26. Bxe5 Bxe5 27. Bxg4 Qe7 28. f4 Bg7 29. Bf5 c4 30. Rh7 c3 31. Qh5 Qf6 32. g4 Re8 33. g5 Qxf5 34. exf5 Re1+ 35. Kc2 Re2+ 36. Qxe2 1-0


[Site "https://www.chess.com"]

[Event "Titled Tuesday Blitz March 28 Early 2023"]
[White "Boyer, Mahel"]
[Black "MKlose11"]
[WhiteFideId "45102422"]
[WhiteElo "2439"]
[BlackElo "2576"]
[Result "1/2-1/2"]
[Round "03"]
[TimeControl "180+2"]
[Date "2023.03.28"]
[WhiteClock "0:00:05"]
[BlackClock "0:00:16"]

1. Nf3 Nf6 2. g3 c5 3. Bg2 Nc6 4. O-O d6 5. d4 cxd4 6. Nxd4 Bd7 7. e4 g6 8. Nc3 Bg7 9. Nce2 O-O 10. b3 Rc8 11. Bb2 a6 12. c4 Nxd4 13. Nxd4 Bc6 14. Re1 Nd7 15. a4 a5 16. Qc2 Nc5 17. Rad1 Qb6 18. Re3 Rfd8 19. h4 h5 20. Bf3 Nd7 21. Bg2 Nc5 22. Qe2 Na6 23. g4 hxg4 24. Qxg4 Qc5 25. Bf3 Nb4 26. Qg2 Nc2 27. Nxc2 Bxb2 28. h5 Kg7 29. hxg6 fxg6 30. Rd5 Bxd5 31. exd5 Bf6 32. Bh5 Rg8 33. Kf1 Kf7 34. Bg4 Kg7 35. Bxc8 Qxc8 36. Rg3 Qf5 37. Ne3 Qb1+ 38. Ke2 Kf7 39. Qh3 Qxb3 40. Qe6+ Kf8 41. Qc8+ Kf7 42. Qe6+ Kf8 43. Kf1 Qb1+ 44. Kg2 g5 45. Nf5 Rh8 46. Qc8+ Kf7 47. Qe6+ Kf8 48. Qc8+ Kf7 49. Qe6+ Kf8 1/2-1/2


[Site "https://www.chess.com"]

[Event "Titled Tuesday Blitz March 28 Early 2023"]
[White "Real_OceanStorm"]
[Black "Martic, Ivan"]
[BlackFideId "929301"]
[WhiteElo "2798"]
[BlackElo "2360"]
[Result "1/2-1/2"]
[Round "03"]
[TimeControl "180+2"]
[Date "2023.03.28"]
[WhiteClock "0:00:18"]
[BlackClock "0:00:04"]

1. e4 c5 2. c3 Nf6 3. e5 Nd5 4. Nf3 e6 5. d3 Nc6 6. c4 Nc7 7. Bf4 d6 8. exd6 Bxd6 9. Bxd6 Qxd6 10. Nc3 O-O 11. Be2 b6 12. O-O Bb7 13. Ne4 Qe7 14. a3 Rad8 15. Ned2 e5 16. b4 f5 17. Re1 Qd6 18. bxc5 Qxc5 19. Bf1 Ne6 20. Nb3 Qd6 21. Qe2 Nf4 22. Qb2 Rfe8 23. Rad1 Re6 24. g3 Nd4 25. Nbxd4 exd4 26. Rxe6 Qxe6 27. Ne1 Qc6 28. f3 Ne6 29. Bg2 f4 30. g4 Nc5 31. Qf2 Qf6 32. Nc2 g5 33. Qe2 Bc6 34. Re1 Re8 35. Qd1 Rxe1+ 36. Nxe1 Qe5 37. Nc2 Ba4 38. Bf1 Bxc2 39. Qxc2 Qe3+ 40. Kg2 Kg7 41. Be2 Kf6 42. Qd1 Ke5 43. Kf1 Kd6 44. Qb1 Kc7 45. Qd1 h6 46. Qc2 Nd7 47. Kg2 Ne5 48. Qd1 Nf7 49. Qf1 Ne5 50. Qd1 Ng6 51. Kh1 Qf2 52. Qf1 Qxf1+ 53. Bxf1 Kb7 54. Kg2 Ka6 55. Be2 Ka5 56. Bd1 Ne5 57. Bc2 b5 58. cxb5 Kxb5 59. Kf2 Nd7 60. Ke2 Nf6 61. Bb3 h5 62. gxh5 Nxh5 63. Ke1 Kc5 64. Ke2 Nf6 65. Be6 a5 66. Kd2 Kb5 67. Kc2 Kc5 68. Kd2 Ne8 69. Kc2 Nc7 70. Bg4 Nb5 71. Kb3 Nc3 72. Be6 Kb5 73. Bd7+ Kc5 74. h3 Ne2 75. Ka4 Kb6 76. Be6 Ng1 77. Bg4 Ne2 78. Kb3 Kc5 79. Bh5 Nc3 80. Kc2 a4 81. Be8 Kb6 82. Kb2 Ka5 83. Bf7 Ne2 84. Be6 Ng1 85. Bg4 Ne2 86. Bd7 Nc3 87. Kc2 Nb5 88. Kb2 Nc7 89. Bc6 Ne6 90. Bd5 Ng7 91. Kc2 Nf5 92. Kd2 Ne3 93. Be4 Ng2 94. Bc6 Nh4 95. Ke2 Ng2 96. Bd7 Ne3 97. Kd2 Nd5 98. Kc2 Nc3 99. Bc6 Ne2 100. Bd7 Ng3 101. Kd1 Nh5 102. Kd2 Nf6 103. Bc6 Nh7 104. Ke2 Nf8 105. Kf2 Ne6 106. Be4 Nc7 107. Bc6 Na6 108. Ke1 Nc5 109. Kd2 Na6 110. Kc2 Nc7 111. Bd7 Nd5 112. Kb2 Ne3 113. Bc6 Nf1 114. Bd7 Ng3 115. Bg4 Ne2 116. Kc2 Nc3 117. Be6 Ne2 118. Bc8 Ng3 119. Kd1 Nf1 120. Be6 Ne3+ 121. Kd2 Ng2 122. Bf5 Nh4 123. Be4 Ng2 124. Bc6 Ne3 125. Be4 Ng2 1/2-1/2


[Site "https://www.chess.com"]

[Event "Titled Tuesday Blitz March 28 Early 2023"]
[White "Staudenhocker43"]
[Black "Flores, Diego"]
[BlackFideId "108049"]
[WhiteElo "2557"]
[BlackElo "2606"]
[Result "0-1"]
[Round "03"]
[TimeControl "180+2"]
[Date "2023.03.28"]
[WhiteClock "0:00:32"]
[BlackClock "0:00:18"]

1. d4 Nf6 2. c4 c5 3. d5 e6 4. Nc3 exd5 5. cxd5 d6 6. e4 g6 7. Nf3 Bg7 8. Nd2 O-O 9. Be2 Re8 10. O-O a6 11. a4 Nbd7 12. f3 Ne5 13. Qc2 Nh5 14. f4 Ng4 15. Bxg4 Bd4+ 16. Kh1 Bxg4 17. Nf3 Bxf3 18. Rxf3 Nf6 19. Bd2 Bxc3 20. Bxc3 Nxe4 21. Be1 f5 22. Re3 Qf6 23. Raa3 b5 24. axb5 axb5 25. h3 b4 26. Rxa8 Rxa8 27. Kh2 h5 28. Re2 Ra1 29. b3 Qd4 30. g4 hxg4 31. hxg4 Nf6 32. gxf5 Qxf4+ 33. Kg2 Qg4+ 34. Bg3 Nh5 35. Re8+ Kf7 36. Re3 Nf4+ 37. Kf2 Nh3+ 38. Kg2 gxf5 39. Qe2 Nf4+ 0-1


[Site "https://www.chess.com"]

[Event "Titled Tuesday Blitz March 28 Early 2023"]
[White "Shohat, Yotam"]
[Black "Karthik, Venkataraman"]
[WhiteFideId "2813955"]
[BlackFideId "25006479"]
[WhiteElo "2226"]
[BlackElo "2419"]
[Result "0-1"]
[Round "03"]
[TimeControl "180+2"]
[Date "2023.03.28"]
[WhiteClock "0:00:02"]
[BlackClock "0:00:31"]

1. e4 Nc6 2. Nf3 d6 3. d4 Nf6 4. d5 Nb8 5. Nc3 g6 6. Bc4 Bg7 7. h3 O-O 8. a4 c6 9. O-O b6 10. Re1 Bb7 11. Bg5 a6 12. Bf1 Nbd7 13. Qd2 Nc5 14. Nd4 cxd5 15. exd5 Re8 16. b4 Ncd7 17. Nc6 Qc7 18. Nxe7+ Kh8 19. Nc6 Nxd5 20. Nxd5 Qxc6 21. c4 Ne5 22. b5 axb5 23. axb5 Qc5 24. Rxa8 Bxa8 25. Be3 Qa3 26. Nc7 Rb8 27. Nxa8 Qxa8 28. Qxd6 Qb7 29. Bd4 f6 30. f4 Nf7 31. Qe7 Qxe7 32. Rxe7 Nd6 33. c5 Nf5 34. Bf2 Nxe7 35. c6 Nd5 36. Bc4 Nc7 37. f5 Bf8 38. Bg3 Rc8 39. fxg6 hxg6 40. h4 Kg7 41. Kf2 Bc5+ 42. Ke2 Kf8 43. Kd3 Ke7 44. Kc3 Bd6 45. Bf2 Rb8 46. g4 Ne6 47. h5 gxh5 48. gxh5 Be5+ 49. Kb3 Nc5+ 50. Kc2 Kd6 51. h6 Rh8 52. Be3 f5 53. Bd2 f4 0-1


[Site "https://www.chess.com"]

[Event "Titled Tuesday Blitz March 28 Early 2023"]
[White "Wagner, Dennis"]
[Black "Mostbauer, Florian"]
[WhiteFideId "24650684"]
[BlackFideId "1626671"]
[WhiteElo "2470"]
[BlackElo "2234"]
[Result "1-0"]
[Round "03"]
[TimeControl "180+2"]
[Date "2023.03.28"]
[WhiteClock "0:02:13"]
[BlackClock "0:02:23"]

1. d4 d5 2. c4 c6 3. Nc3 Nf6 4. e3 a6 5. Nf3 Bg4 6. h3 Bxf3 7. Qxf3 e6 8. cxd5 cxd5 9. g4 Nc6 10. Bd2 Rc8 11. g5 Ng8 12. h4 Bd6 13. O-O-O h5 14. Kb1 Nge7 15. a3 g6 16. Bd3 O-O 17. Rc1 Nf5 18. Bxf5 exf5 19. Nxd5 1-0


[Site "https://www.chess.com"]

[Event "Titled Tuesday Blitz March 28 Early 2023"]
[White "Alahakoon, Isuru"]
[Black "Csonka, Balazs"]
[WhiteFideId "9900993"]
[BlackFideId "742910"]
[WhiteElo "1995"]
[BlackElo "2404"]
[Result "0-1"]
[Round "03"]
[TimeControl "180+2"]
[Date "2023.03.28"]
[WhiteClock "0:00:13"]
[BlackClock "0:00:06"]

1. Nf3 c5 2. c3 d5 3. d4 Nc6 4. Bf4 Nf6 5. e3 Qb6 6. Qc2 g6 7. Nbd2 Bf5 8. Qc1 Bg7 9. h3 O-O 10. g4 Be4 11. Nxe4 Nxe4 12. Nd2 cxd4 13. exd4 e5 14. Nxe4 exf4 15. Nd2 Rfe8+ 16. Be2 Bxd4 17. O-O Rxe2 18. cxd4 Nxd4 19. Kg2 Rae8 20. b3 h5 21. gxh5 Qf6 22. Nf3 Nxf3 23. Kxf3 Qh4 24. Qxf4 Qxh3+ 25. Qg3 Qf5+ 26. Kg2 R2e4 27. f3 Re2+ 28. Rf2 Rxf2+ 29. Qxf2 Qg5+ 30. Qg3 Re2+ 31. Kh3 Qxh5+ 32. Qh4 Qxf3+ 33. Qg3 Qf5+ 34. Qg4 Re3+ 35. Kh4 Qf6+ 0-1


[Site "https://www.chess.com"]

[Event "Titled Tuesday Blitz March 28 Early 2023"]
[White "Krysa, Leandro"]
[Black "Lorenzo De La Riva, Lazaro"]
[WhiteFideId "116807"]
[BlackFideId "2268809"]
[WhiteElo "2485"]
[BlackElo "2294"]
[Result "1-0"]
[Round "03"]
[TimeControl "180+2"]
[Date "2023.03.28"]
[WhiteClock "0:01:08"]
[BlackClock "0:00:19"]

1. e4 c6 2. d4 d5 3. e5 c5 4. dxc5 e6 5. Bd3 Nd7 6. Nf3 Nxc5 7. O-O Ne7 8. Re1 Ng6 9. Nbd2 Nxd3 10. cxd3 Bd7 11. g3 a5 12. h4 h6 13. h5 Ne7 14. Nd4 Nc6 15. N2f3 Nxd4 16. Nxd4 a4 17. Qg4 Qb6 18. Be3 Qa6 19. Rac1 Qxd3 20. Rc7 Rb8 21. Rec1 Qe4 22. Qd1 Be7 23. Rxd7 Kxd7 24. Qxa4+ Kd8 25. Qa7 Rc8 26. Qb6+ Kd7 27. Qxb7+ Ke8 28. Rxc8+ Bd8 29. Qc6+ Ke7 30. Qd6+ Ke8 31. Rxd8# 1-0


[Site "https://www.chess.com"]

[Event "Titled Tuesday Blitz March 28 Early 2023"]
[White "Nakamura, Hikaru"]
[Black "Bitoon, Richard"]
[WhiteFideId "2016192"]
[BlackFideId "5201110"]
[WhiteElo "2879"]
[BlackElo "2374"]
[Result "1-0"]
[Round "03"]
[TimeControl "180+2"]
[Date "2023.03.28"]
[WhiteClock "0:01:39"]
[BlackClock "0:00:02"]

1. Nf3 Nf6 2. g3 g6 3. b3 Bg7 4. Bb2 O-O 5. d4 d6 6. Bg2 Nc6 7. O-O a5 8. c4 a4 9. d5 Nb8 10. b4 Nbd7 11. a3 Nb6 12. Nbd2 e6 13. dxe6 Bxe6 14. Rc1 Nfd7 15. Bxg7 Kxg7 16. Nd4 Rb8 17. Nxe6+ fxe6 18. c5 Nd5 19. Qxa4 b5 20. cxb6 N7xb6 21. Qc2 Rf7 22. Nc4 Qg5 23. Nxb6 Nxb6 24. Qb3 Qb5 25. e3 d5 26. Rc5 Qe2 27. Qc3+ Kh6 28. Rxc7 Na4 29. Qe5 Rxc7 30. Qxc7 Rf8 31. Qe7 Rf5 32. Bh3 Rh5 33. Qf8+ Kg5 34. Qf4# 1-0


[Site "https://www.chess.com"]

[Event "Titled Tuesday Blitz March 28 Early 2023"]
[White "Svane, Rasmus"]
[Black "hsd2016"]
[WhiteFideId "4657101"]
[WhiteElo "2597"]
[BlackElo "1970"]
[Result "1-0"]
[Round "03"]
[TimeControl "180+2"]
[Date "2023.03.28"]
[WhiteClock "0:01:59"]
[BlackClock "0:00:03"]

1. Nf3 Nf6 2. g3 g6 3. Bg2 Bg7 4. O-O O-O 5. d4 d5 6. c4 c6 7. Qb3 dxc4 8. Qxc4 Be6 9. Qa4 Nbd7 10. Nc3 Nb6 11. Qc2 Rc8 12. e4 Bc4 13. Rd1 Be6 14. Bf4 Bg4 15. h3 Bxf3 16. Bxf3 Qd7 17. Kg2 Rfd8 18. a4 h6 19. a5 g5 20. Be5 Nc4 21. b3 Nd6 22. Na4 g4 23. hxg4 Nb5 24. Nc5 Qe8 25. Nxb7 Rd7 26. Nc5 Rdd8 27. Qc1 Nd7 28. Bxg7 Kxg7 29. Rh1 Qh8 30. g5 Nxd4 31. Rxh6 Qg8 32. Nxd7 Rxd7 33. Qf4 Nxf3 34. Qxf3 f6 35. gxf6+ Kxh6 36. Rh1+ Kg6 37. f7 Qxf7 38. Qg4+ Kf6 39. Qf5+ Kg7 40. Rh7+ Kg8 41. Qxf7# 1-0


[Site "https://www.chess.com"]